 Dungeon Crawl Stone Soup version 0.30-a0-373-gd37427bb62 (webtiles) character file.

Game seed: 585789206419413991

129 Shayle the Chopper (level 4, 0/35 HPs)
             Began as a Demonspawn Reaver on Nov 24, 2022.
             Slain by a gnoll bouda
             ... wielding a +0 club
              (1 damage)
             ... on level 3 of the Dungeon.
             The game lasted 00:07:33 (3422 turns).

Shayle the Chopper (Demonspawn Reaver)              Turns: 3422, Time: 00:07:33

Health: 0/35       AC:  3    Str: 12    XL:     4   Next: 88%
Magic:  7/7        EV: 11    Int: 17    God:
Gold:   124        SH:  0    Dex: 11    Spells: 3/7 levels left

rFire   . . .      SeeInvis .    m - +0 war axe
rCold   . . .      Faith    .    (no shield)
rNeg    . . .      Spirit   .    b - +0 leather armour
rPois   .          Reflect  .    (no helmet)
rElec   .          Harm     .    (no cloak)
rCorr   .          Rampage  .    (no gloves)
Will    .....                    (no boots)
Stlth   ++........               (no amulet)
HPRegen 0.25/turn                (no ring)
MPRegen 0.10/turn                (no ring)

@: no status effects
A: ignite blood 1
a: no special abilities


You were on level 3 of the Dungeon.
You visited 1 branch of the dungeon, and saw 4 of its levels.

You collected 154 gold pieces.
You spent 30 gold pieces at shops.

Inventory:

Hand Weapons
 a - a +0 hand axe
 m - a +0 war axe (weapon)
Armour
 b - a +0 leather armour (worn)
Wands
 p - a wand of roots (9)
 r - a wand of mindburst (17)
Scrolls
 f - a scroll of fog {unknown}
 h - 3 scrolls of blinking
 i - 4 scrolls of teleportation
 l - a scroll of immolation {unknown}
 t - a scroll of silence {unknown}
 u - a scroll of acquirement {unknown}
Potions
 c - 4 potions of curing
 d - 2 potions of might
 e - a potion of lignification {unknown}
 g - 2 potions of attraction
 j - 2 potions of haste
 k - a potion of berserk rage {unknown}
 n - 2 potions of mutation
 q - a potion of heal wounds {unknown}
 s - a potion of invisibility {unknown}


   Skills:
 + Level 3.0 Fighting
 + Level 3.4 Axes
 + Level 1.8 Armour
 - Level 1.7 Dodging
 + Level 2.0 Stealth
 + Level 2.0 Spellcasting
 + Level 3.0 Conjurations
 + Level 0.0 Ice Magic


You had 3 spell levels left.
You knew the following spells:

 Your Spells              Type           Power      Damage    Failure   Level
a - Kiss of Death         Conj/Necr      24%        2d7       13%         1
b - Hailstorm             Conj/Ice       6%         3d4       36%         3

Your spell library contained the following spells:

 Spells                   Type           Power      Damage    Failure   Level
 Momentum Strike          Conj/Tloc      12%        3d8       21%         2
 Gell's Gravitas          Tloc           1%         N/A       58%         3
 Teleport Other           Tloc           1%         N/A       58%         3
 Dispersal                Tloc           0%         N/A       100%        6


Dungeon Overview and Level Annotations

Branches:
Dungeon (4/15)
 Temple: D:4-7

Altars:
Uskayaw

Shops:
D:2 *


Innate Abilities, Weirdness & Mutations

Your demonic aura sometimes causes spilled blood to erupt in flames.


Message History

The gnoll bouda shouts!
The gnoll shouts!
The gnoll bouda barks out a call to the hunt!
The gnolls pick up the pace!
The gnoll shouts!
A gnoll comes into view. It is wielding a +0 mace.
The gnoll bouda barks out a call to the hunt!
The gnoll picks up the pace!
The gnoll hits you from afar with a +0 spear!
The gnoll barely misses you.
The gnoll is no longer moving quickly.
The gnoll is no longer moving quickly.
The gnoll hits you from afar with a +0 spear.
The gnoll is no longer moving quickly.
The gnoll hits you from afar with a +0 spear.
You hit the gnoll.
The gnoll is lightly wounded.
The gnoll closely misses you. The gnoll hits you with a +0 spear.
You barely miss the gnoll.
The gnoll is lightly wounded.
The gnoll closely misses you.
You hit the gnoll.
The gnoll is moderately wounded.
The gnoll closely misses you.
You completely miss the gnoll.
The gnoll is moderately wounded.
The gnoll hits you with a +0 spear.
There is a stone staircase leading up here.
The gnoll bouda hits you with a +0 club!
The gnoll barely misses you.
You climb upwards.
There is a stone staircase leading down here.
You slash the gnoll bouda!
You punch the gnoll bouda, but do no damage.
The gnoll bouda is heavily wounded.
The gnoll bouda hits you with a +0 club!
* * * LOW HITPOINT WARNING * * *
You barely miss the gnoll bouda.
The gnoll bouda is heavily wounded.
The gnoll bouda hits you with a +0 club.
You die...

###########.#### #.# ### #.#
##.## ######.# ##.#.##
#......# ##.###.## #.####.#
##.#####.####.## #.#
#.###..........# #.#
##.##........g@###.##
##.#...####...##...###########
##.....# #.<................#
##..#.# #........#########.#
##.#.###.#####.## #.....
#.......# #.# #.#... ###.#####
#.# #.#.## #.# ##+## #.#.# #.#
##...## #.#>##


You could see a gnoll bouda.

Vanquished Creatures
  6 adders
  An ufetubus (D:4)
  A worm (D:2)
  A dart slug (D:3)
  3 orcs
  4 ball pythons
  8 endoplasms
  3 giant cockroaches
  9 goblins
  6 hobgoblins
  A quokka (D:2)
  4 bats
  3 frilled lizards
  6 kobolds
  2 rats
58 creatures vanquished.

Vanquished Creatures (others)
  A plant (D:3)
1 creature vanquished.

Grand Total: 59 creatures vanquished

Notes
Turn   | Place    | Note
-------+----------+-------------------------------------------
     0 | D:1      | Shayle the Demonspawn Reaver began the quest for the Orb.
     0 | D:1      | Reached XP level 1. HP: 16/16 MP: 3/3
   324 | D:1      | Gained mutation: Your demonic aura sometimes causes spilled
                  | blood to erupt in flames. [demonic ancestry]
   324 | D:1      | Reached XP level 2. HP: 22/22 MP: 5/5
   792 | D:1      | Reached skill level 1 in Stealth
  1300 | D:2      | Reached skill level 1 in Armour
  1313 | D:2      | Reached XP level 3. HP: 23/28 MP: 6/6
  1877 | D:2      | Reached XP level 4. HP: 21/34 MP: 7/7
  1999 | D:2      | Found Ifopenu's Assorted Antiques.
  2018 | D:2      | Bought a scroll labelled VUTANUIRAMM for 16 gold pieces
  2018 | D:2      | Bought a bubbling golden potion for 14 gold pieces
  2907 | D:3      | Found a hide-covered altar of Uskayaw.
  3038 | D:3      | Found a faded altar of an unknown god.
  3276 | D:4      | Learned a level 3 spell: Hailstorm
  3421 | D:3      | HP: 1/35 [gnoll bouda/+0 club (13)]
  3422 | D:3      | Slain by a gnoll bouda

Illustrated notes

Levels and vault maps discovered:
D:1:      dpeg_arrival_water_fire, layout_basic
D:2:      layout_loops_cross, serial_shops, nicolae_shop_overgrown_old_shop,
          grunt_decor_resistance
D:3:      layout_loops_corners, mainiacjoe_overflow_catch_the_wave,
          basic_ecumenical_altar
D:4:      layout_cave_pools, mainiacjoe_overflow_alcove_2, serial_shops, shop

Skill      XL: |  1  2  3  4 |
---------------+-------------+-----
Stealth        | 1 2 |  2.0
Axes           | 3 |  3.4
Armour         | 1 |  1.8
Fighting       | 3 |  3.0
Dodging        | |  1.7
Spellcasting   | |  2.0
Conjurations   | |  3.0

Action                   |  1- 3 |  4- 6 || total
-------------------------+-------+-------++-------
Melee: Hand axe          |    57 |       ||    57
       War axe           |    70 |    68 ||   138
       Punch             |     1 |     1 ||     2
  Use: Scroll            |     3 |     5 ||     8
 Stab: Sleeping          |     1 |     5 ||     6
Armor: Leather armour    |    37 |    18 ||    55
Dodge: Dodged            |    67 |    42 ||   109

Table legend: (Time is in decaauts)
 A = Elapsed time spent in this place.
 B = Non-inter-level travel time spent in this place.
 C = Inter-level travel time spent in this place.
 D = Time resting spent in this place.
 E = Time spent auto-exploring this place.
 F = Levels seen in this place.
 G = Mean time per level.
                   A        B        C        D        E       F      G
               +--------+--------+--------+--------+--------+-----+--------+
         Total |   3476 |   3374 |    102 |    100 |   2548 |   4 |  869.0 |
       Dungeon |   3476 |   3374 |    102 |    100 |   2548 |   4 |  869.0 |
               +--------+--------+--------+--------+--------+-----+--------+

Top non-repeatable levels by time:
     D:1: 1218 daAuts
     D:2: 1182 daAuts
     D:3: 878 daAuts
     D:4: 196 daAuts
